 Dungeon Crawl Stone Soup version 0.32-a0-994-gabb26cbae4 (webtiles) character file.

Game seed: 15223939583793888859

4060 Ijustatesigmund the Destroyer (level 10, -3/74 HPs)
             Began as a Gnoll Conjurer on Apr 22, 2024.
             Was a Follower of Vehumet.
             Succumbed to a cane toad's poison
             ... on level 8 of the Dungeon.
             The game lasted 00:16:40 (10855 turns).

Ijustatesigmund the Destroyer (Gnoll Conjurer)     Turns: 10855, Time: 00:16:40

Health: -3/74      AC:  6    Str:  8    XL:     10   Next: 25%
Magic:  14/21      EV: 13    Int: 31    God:    Vehumet [*.....]
Gold:   549        SH:  5    Dex: 10    Spells: 13/23 levels left

rFire   + . .        A - +7 short sword "Ficob" {speed, ^Drain rC+ Int+3}
rCold   + . .        (no shield)
rNeg    . . .        a - +0 steam dragon scales
rPois   .            (no helmet)
rElec   .            (no cloak)
rCorr   .            (no gloves)
SInv    .            (no boots)
Will    +....        B - amulet of reflection
Stlth   +++          i - ring of Geomiwn {Will+ Int+7}
HPRegen 0.32/turn    p - ring of protection from fire
MPRegen 0.17/turn

%: reflection
@: lethally poisoned (-3 -> -19), attractive, invisible
A: fangs 1, strong nose, distributed training
a: Renounce Religion


You were on level 8 of the Dungeon.
You worshipped Vehumet.
Vehumet was aware of your devotion.
You visited 2 branches of the dungeon, and saw 9 of its levels.

You collected 549 gold pieces.

Inventory:

Hand Weapons
 x - a +5 quarterstaff
 A - the +7 short sword "Ficob" (weapon) {speed, ^Drain rC+ Int+3}
   (You found it on level 6 of the Dungeon)

   Int+3:     It affects your intelligence (+3).
   rC+:       It protects you from cold.
   ^Drain:    It drains your maximum health when unequipped.
Armour
 a - +0 steam dragon scales (worn)
Jewellery
 i - the ring of Geomiwn (left hand) {Will+ Int+7}
   (You found it on level 2 of the Dungeon)

   [ring of willpower]

   Int+7:     It affects your intelligence (+7).
   Will+:     It increases your willpower.
 p - a ring of protection from fire (right hand)
 t - a ring of flight
 B - an amulet of reflection (around neck)
Wands
 l - a wand of mindburst (18)
 s - a wand of paralysis (3)
 z - a wand of polymorph (15)
Scrolls
 e - a scroll of enchant armour {unknown}
 g - a scroll of poison
 h - 2 scrolls of revelation {unknown}
 k - a scroll of immolation {unknown}
 n - a scroll of fear
 r - a scroll of amnesia {unknown}
 w - 2 scrolls of enchant weapon
 y - a scroll of blinking {unknown}
Potions
 b - 3 potions of magic
 d - a potion of might
 f - a potion of cancellation
 j - a potion of lignification {unknown}
 m - a potion of invisibility
 o - a potion of degeneration {unknown}
 q - a potion of haste {unknown}
 u - a potion of attraction
 C - a potion of berserk rage {unknown}


   Skills:
 + Level 5.3 Fighting
 + Level 5.3 Short Blades
 + Level 5.3 Long Blades
 + Level 5.3 Axes
 + Level 5.3 Maces & Flails
 + Level 5.3 Polearms
 + Level 5.3 Staves
 + Level 5.3 Ranged Weapons
 + Level 5.3 Throwing
 + Level 5.3 Armour
 + Level 7.1 Dodging
 + Level 6.8 Stealth
 + Level 5.3 Shields
 + Level 5.3 Unarmed Combat
 + Level 7.3 Spellcasting
 + Level 8.4 Conjurations
 + Level 4.3 Hexes
 + Level 4.3 Summonings
 + Level 4.3 Necromancy
 + Level 4.3 Translocations
 + Level 4.3 Fire Magic
 + Level 4.3 Ice Magic
 + Level 4.3 Air Magic
 + Level 4.3 Earth Magic
 + Level 4.3 Alchemy
 + Level 5.8 Invocations
 + Level 5.3 Evocations
 + Level 4.8 Shapeshifting


You had 13 spell levels left.
You knew the following spells:

 Your Spells              Type           Power      Damage    Failure   Level
a - Magic Dart            Conj           100%       1d8       1%          1
b - Searing Ray           Conj           100%       2d8       1%          2
c - Iskenderun's Mystic   Conj/Tloc      50%        2d11      (+2d63%     4
d - Frozen Ramparts       Ice            76%        1d12      2%          3

Your spell library contained the following spells:

 Spells                   Type           Power      Damage    Failure   Level
 Sting                    Conj/Alch      100%       1d9       1%          1
 Kiss of Death            Conj/Necr      100%       2d13      1%          1
 Shock                    Conj/Air       100%       1d9       1%          1
 Ozocubu's Armour         Ice            38%        N/A       2%          3
 Swiftness                Air            38%        N/A       2%          3
 Fulminant Prism          Conj/Alch      25%        3d14      3%          4
 Airstrike                Air            19%        2d(3-19)  7%          4
 Ignite Poison            Fire/Alch      38%        N/A       7%          4
 Sticky Flame             Fire/Alch      38%        2d8       7%          4
 Metabolic Englaciation   Hex/Ice        19%        N/A       21%         5
 Ignition                 Fire           19%        3d7       100%        8


Dungeon Overview and Level Annotations

Branches:
Dungeon (8/15)             Temple (1/1) D:5
   Lair: D:8-11

Altars:
Ashenzari
Cheibriados
Elyvilon
Fedhas
Gozag
Hepliaklqana
Kikubaaqudgha
Nemelex Xobeh
Okawaru
Qazlal
Ru
Sif Muna
Trog
Uskayaw
Vehumet
Wu Jian
Xom
Yredelemnul
Zin
The Shining One

Annotations:
D:3 3 runed translucent doors, paps's ghost, weakling DsGl
D:8 1 transporter


Innate Abilities, Weirdness & Mutations

You have very sharp teeth.
Your uncanny sense of smell can sniff out nearby items.
Your experience applies equally to all skills.


Message History

You erupt in a blast of force!
The mystic blast hits the basilisk.
The basilisk is lightly wounded.
The basilisk is knocked back by the mystic blast.
The mystic blast hits the cane toad!
The cane toad is moderately wounded.
The cane toad is knocked back by the mystic blast.
The cane toad slams into the rock wall!
The cane toad is severely wounded.
Casting: Iskenderun's Mystic Blast (dangerous; 3% risk of failure)
Confirm with . or Enter, or press ? or * to list all spells.
You erupt in a blast of force!
The mystic blast hits the iguana.
The iguana is lightly wounded.
The iguana is knocked back by the mystic blast.
The mystic blast hits the bullfrog.
The bullfrog is moderately wounded.
The bullfrog is knocked back by the mystic blast.
Unknown command.
Aiming: Mindburst
Press: ? - help, Shift-Dir - straight line, f - cane toad, p - basilisk
Aim: a cane toad (severely wounded, chance to affect: 82%)
The cane toad barely resists.
The cane toad stings you!!
It was a potion of attraction.
You feel attractive to monsters. The cane toad stings you!!
* * * LOW HITPOINT WARNING * * *
You are lethally poisoned!
The cane toad poisons you! The bullfrog closely misses you.
The iguana is attracted toward you. The basilisk is attracted toward you.
Okay, then.
As you read the scroll of fear, it crumbles to dust.
You assume a fearsome visage.
The iguana looks frightened!
The basilisk looks frightened!
The bullfrog looks frightened!
The cane toad looks frightened!
* * * LOW HITPOINT WARNING * * *
You feel very sick. The iguana is attracted toward you.
The bullfrog is attracted toward you. The cane toad is attracted toward you.
It was a potion of invisibility.
You fade into invisibility!
You die...

###### ##########
##.....
####...)....####......
#....######...........
#........######..(....
#..§l@F§.# #.......
#...F.l..# #.......
#...§###..# #.......
#.... .§.# #.......
...... ..... .........
###... ..#.#####<....
#.. ....# ####. #. .##
#. #.


You could see a cane toad (unable to see you, fleeing), a basilisk (paralysed,
unable to see you, fleeing), a bullfrog (unable to see you, fleeing) and an
iguana (unable to see you, fleeing).

Vanquished Creatures
  A troll (D:8)
  A hornet (D:7)
  Grinder (D:3)
  A wraith (D:7)
  3 yaks (D:8)
  2 steam dragons (D:7)
  A vampire mosquito (D:7)
  2 water moccasins
  2 black bears (D:7)
  2 ice beasts (D:6)
  An orc warrior (D:8)
  A centaur (D:8)
  2 phantoms
  3 bullfrogs
  A gnoll sergeant (D:7)
  3 scorpions
  4 wights (D:4)
  2 bombardier beetles
  3 hounds
  A jelly (D:5)
  5 orc priests
  Jessica (D:2)
  4 iguanas
  4 orc wizards
  8 gnolls
  12 adders
  2 shadow imps (D:7)
  A white imp (D:7)
  2 ufetubi (D:7)
  4 dart slugs
  19 orcs
  8 ball pythons
  4 bats
  9 endoplasms
  3 giant cockroaches
  11 goblins
  7 hobgoblins
  7 jackals
  5 quokkas
  4 frilled lizards
  8 kobolds
  5 rats
170 creatures vanquished.

Notes
Turn   | Place    | Note
-------+----------+-------------------------------------------
     0 | D:1      | Ijustatesigmund the Gnoll Conjurer began the quest for the
                  | Orb.
     0 | D:1      | Reached XP level 1. HP: 13/13 MP: 6/6
   246 | D:1      | Reached XP level 2. HP: 19/19 MP: 5/7
   585 | D:1      | Reached skill level 5 in Spellcasting
   585 | D:1      | Reached XP level 3. HP: 25/25 MP: 4/9
   588 | D:1      | Learned a level 2 spell: Searing Ray
   944 | D:1      | Reached skill level 1 in Invocations
   971 | D:1      | Found a faded altar of an unknown god.
   980 | D:1      | Got Plato's Compendium of Energy
  1134 | D:2      | Identified the ring of Geomiwn {Will+ Int+7}
  1322 | D:2      | Reached skill level 1 in Fighting
  1322 | D:2      | Reached skill level 1 in Short Blades
  1322 | D:2      | Reached skill level 1 in Long Blades
  1322 | D:2      | Reached skill level 1 in Axes
  1322 | D:2      | Reached skill level 1 in Maces & Flails
  1322 | D:2      | Reached skill level 1 in Polearms
  1322 | D:2      | Reached skill level 1 in Staves
  1322 | D:2      | Reached skill level 1 in Ranged Weapons
  1322 | D:2      | Reached skill level 1 in Throwing
  1322 | D:2      | Reached skill level 1 in Armour
  1322 | D:2      | Reached skill level 1 in Shields
  1322 | D:2      | Reached skill level 1 in Unarmed Combat
  1322 | D:2      | Reached skill level 1 in Evocations
  1396 | D:2      | Noticed Jessica
  1400 | D:2      | Killed Jessica
  1401 | D:2      | Reached skill level 1 in Shapeshifting
  1401 | D:2      | Reached XP level 4. HP: 32/32 MP: 6/11
  1547 | D:2      | Reached skill level 1 in Hexes
  1547 | D:2      | Reached skill level 1 in Summonings
  1547 | D:2      | Reached skill level 1 in Necromancy
  1547 | D:2      | Reached skill level 1 in Translocations
  1547 | D:2      | Reached skill level 1 in Fire Magic
  1547 | D:2      | Reached skill level 1 in Ice Magic
  1547 | D:2      | Reached skill level 1 in Air Magic
  1547 | D:2      | Reached skill level 1 in Earth Magic
  1547 | D:2      | Reached skill level 1 in Alchemy
  1804 | D:2      | Learned a level 4 spell: Iskenderun's Mystic Blast
  2092 | D:3      | Noticed an orc warrior
  2092 | D:3      | Found a runed translucent gate.
  2092 | D:3      | Found a runed translucent gate.
  2092 | D:3      | Found a runed translucent gate.
  2094 | D:3      | Noticed paps's ghost (weakling DsGl)
  2155 | D:3      | Noticed Grinder
  2163 | D:3      | Paralysed by Grinder for 5 turns
  2169 | D:3      | Killed Grinder
  2170 | D:3      | Reached skill level 5 in Dodging
  2170 | D:3      | Reached XP level 5. HP: 11/38 MP: 1/12
  2170 | D:3      | Reached XP level 6. HP: 13/44 MP: 1/14
  3320 | D:4      | Reached XP level 7. HP: 48/50 MP: 5/15
  3656 | D:4      | Learned a level 3 spell: Frozen Ramparts
  4197 | D:4      | Reached skill level 5 in Stealth
  4619 | D:5      | Entered Level 5 of the Dungeon
  4754 | D:5      | Found a staircase to the Ecumenical Temple.
  5378 | D:5      | Reached XP level 8. HP: 58/58 MP: 10/16
  6432 | Temple   | Entered the Ecumenical Temple
  6474 | Temple   | Became a worshipper of Vehumet
  6977 | D:6      | Identified the +7 short sword "Ficob" {speed, ^Drain rC+
                  | Int+3}
  7815 | D:6      | Reached XP level 9. HP: 43/65 MP: 11/18
  8242 | D:6      | Reached * piety under Vehumet
  8242 | D:6      | Offered knowledge of Sting by Vehumet.
  8595 | D:7      | Reached skill level 8 in Conjurations
  9176 | D:7      | Noticed a hornet
  9190 | D:7      | Killed a hornet
  9191 | D:7      | Reached skill level 5 in Invocations
  9565 | D:8      | Found a transporter.
  9565 | D:8      | Found a transporter.
  9940 | D:8      | Reached skill level 5 in Fighting
  9940 | D:8      | Reached skill level 5 in Short Blades
  9940 | D:8      | Reached skill level 5 in Long Blades
  9940 | D:8      | Reached skill level 5 in Axes
  9940 | D:8      | Reached skill level 5 in Maces & Flails
  9940 | D:8      | Reached skill level 5 in Polearms
  9940 | D:8      | Reached skill level 5 in Staves
  9940 | D:8      | Reached skill level 5 in Ranged Weapons
  9940 | D:8      | Reached skill level 5 in Throwing
  9940 | D:8      | Reached skill level 5 in Armour
  9940 | D:8      | Reached skill level 5 in Shields
  9940 | D:8      | Reached skill level 5 in Unarmed Combat
  9940 | D:8      | Reached skill level 5 in Evocations
  9940 | D:8      | Reached XP level 10. HP: 60/74 MP: 12/20
 10844 | D:8      | Noticed a cane toad
 10854 | D:8      | HP: 1/74 [poisoned by a cane toad]
 10855 | D:8      | Succumbed to a cane toad's poison

Illustrated notes

Levels and vault maps discovered:
D:1:      elethiomel_arrival_quiet, layout_loops_ring,
          shapermc_ecumenical_altar_rom_forum
D:2:      minmay_door_path, layout_loops_ring, uniq_jessica
D:3:      layout_rooms, gammafunk_ghost_split, serial_glass, glass_columns_a,
          glass_columns_c, minmay_strange_pillars, minmay_strange_pillars,
          uniq_grinder
D:4:      layout_loops_cross
D:5:      kennysheep_six_static_rooms, layout_loops_ring, temple_doors_e,
          serial_co_window_serial, co_window_of_opportunity_a,
          co_window_paths_a, co_window_corner_a, co_window_paths_b,
          co_window_paths_a, co_window_of_opportunity_a, co_window_paths_a,
          co_window_broadway_a, co_window_broadway_b, co_window_corner_b,
          glass_columns_a, glass_columns_c, st_stairs_7
D:6:      layout_loops_corners, minmay_gold_behind_fungi, minivault_10,
          st_stairs_2
D:7:      layout_basic, minmay_the_grid_2x2 [minmay_the_grid_all_tris,
          minmay_the_grid_plusring, minmay_the_grid_zigzag_pyramid,
          minmay_the_grid_prize_big_room]
D:8:      layout_rooms, dpeg_lair_monsters, hangedman_decor_clover_reticule,
          nicolae_diode_stairs
Temple:   mainiacjoe_temple_cubbyholes

Skill      XL: |  1  2  3  4  5  6  7  8  9 10 |
---------------+-------------------------------+-----
Spellcasting   | 5 6 7 |  7.3
Invocations    | 1 2 3 4 5 |  5.8
Fighting       | 1 2 3 5 |  5.3
Short Blades   | 1 2 3 5 |  5.3
Long Blades    | 1 2 3 5 |  5.3
Axes           | 1 2 3 5 |  5.3
Maces & Flails | 1 2 3 5 |  5.3
Polearms       | 1 2 3 5 |  5.3
Staves         | 1 2 3 5 |  5.3
Ranged Weapons | 1 2 3 5 |  5.3
Throwing       | 1 2 3 5 |  5.3
Armour         | 1 2 3 5 |  5.3
Shields        | 1 2 3 5 |  5.3
Unarmed Combat | 1 2 3 5 |  5.3
Evocations     | 1 2 3 5 |  5.3
Shapeshifting  | 1 2 3 4 |  4.8
Hexes          | 1 2 3 4 |  4.3
Summonings     | 1 2 3 4 |  4.3
Necromancy     | 1 2 3 4 |  4.3
Translocations | 1 2 3 4 |  4.3
Fire Magic     | 1 2 3 4 |  4.3
Ice Magic      | 1 2 3 4 |  4.3
Air Magic      | 1 2 3 4 |  4.3
Earth Magic    | 1 2 3 4 |  4.3
Alchemy        | 1 2 3 4 |  4.3
Dodging        | 5 6 7 |  7.1
Stealth        | 5 6 |  6.8
Conjurations   | 8 |  8.4

Action                     |  1- 3 |  4- 6 |  7- 9 | 10-12 || total
---------------------------+-------+-------+-------+-------++-------
  Melee: Short sword       |    14 |       |   130 |    16 ||   160
         Bite              |     2 |     3 |    15 |     4 ||    24
         War axe           |       |    25 |    22 |       ||    47
         Rapier            |       |     1 |       |       ||     1
   Cast: Magic Dart        |    59 |    72 |    95 |       ||   226
         Searing Ray       |       |     3 |    17 |     2 ||    22
         Frozen Ramparts   |       |       |    16 |     2 ||    18
         Iskenderun's Myst |       |       |    16 |     6 ||    22
  Evoke: Wand              |       |       |     4 |     4 ||     8
    Use: Scroll            |       |       |     7 |     1 ||     8
         Potion            |       |       |       |     2 ||     2
   Stab: Sleeping          |       |     1 |     5 |       ||     6
 Armour: Robe              |     5 |    18 |    63 |       ||    86
         Steam dragon scal |       |       |    34 |    12 ||    46
  Dodge: Dodged            |    12 |    28 |    84 |     8 ||   132
  Block: Other             |       |       |     1 |     5 ||     6
         Reflection        |       |       |       |     1 ||     1

Table legend: (Time is in decaauts)
 A = Elapsed time spent in this place.
 B = Non-inter-level travel time spent in this place.
 C = Inter-level travel time spent in this place.
 D = Time resting spent in this place.
 E = Time spent auto-exploring this place.
 F = Levels seen in this place.
 G = Mean time per level.
                   A        B        C        D        E       F      G
               +--------+--------+--------+--------+--------+-----+--------+
         Total |  10812 |  10427 |    385 |   3491 |   5833 |   9 | 1201.3 |
       Dungeon |  10740 |  10386 |    354 |   3491 |   5833 |   8 | 1342.5 |
        Temple |     72 |     42 |     30 |      0 |      0 |   1 |   72.0 |
               +--------+--------+--------+--------+--------+-----+--------+

Top non-repeatable levels by time:
     D:6: 1938 daAuts
     D:5: 1929 daAuts
     D:4: 1484 daAuts
     D:8: 1281 daAuts
     D:1: 1098 daAuts
     D:3: 1059 daAuts
     D:2: 990 daAuts
     D:7: 958 daAuts
  Temple: 72 daAuts
